 Dungeon Crawl Stone Soup version 0.30.0-3-ga4e48a9924 (webtiles) character file.

Game seed: 14598722913493608739

7675 meatpath the Fighter (level 10, -2/77 HPs)
             Began as a Minotaur Berserker on May 7, 2023.
             Was a High Priest of Trog.
             Killed from afar by a smoke demon (9 damage)
             ... with a ball of steam
             ... on level 4 of the Abyss.
             The game lasted 00:24:12 (10626 turns).

meatpath the Fighter (Minotaur Berserker)          Turns: 10626, Time: 00:24:13

Health: -2/77      AC: 18    Str: 26    XL:     10   Next: 99%
Magic:  9/9        EV:  8    Int:  6    God:    Trog [*****.]
Gold:   608        SH:  0    Dex:  6    Spells: 9/9 levels left

rFire   . . .        o - +7 whip of Dissolution {heavy, +Blink rElec Str-4}
rCold   x x .        (no shield)
rNeg    . . .        f - +0 plate armour
rPois   +            (helmet restricted)
rElec   +            F - +0 cloak
rCorr   .            G - +0 pair of gloves
SInv    .            (no boots)
Will    .....        (no amulet)
Stlth   x              - ring of poison resistance
HPRegen 0.32/turn    y - +6 ring of strength
MPRegen 0.11/turn

%: random rage (9%)
@: studying Staves
A: horns 2, retaliatory headbutt, [berserk 2], [clumsy 2], [frail 2], [cold
vulnerability 2]
a: Renounce Religion, Evoke Blink, Berserk, Trog's Hand, Brothers in Arms


You were on level 4 of the Abyss.
You worshipped Trog.
Trog was extremely pleased with you.
You visited 1 branch of the dungeon, and saw 11 of its levels.
You visited the Abyss 1 time.
You also visited: Ossuary.

You collected 608 gold pieces.

Inventory:

Hand Weapons
 o - the +7 whip of Dissolution (weapon) {heavy, +Blink rElec Str-4}
   (You found it on level 3 of the Dungeon)

   Str:       It affects your strength (-4).
   rElec:     It insulates you from electricity.
   +Blink:    It lets you blink.
 J - a +0 broad axe
 Q - a +2 battleaxe
Missiles
 H - a throwing net (quivered)
Armour
 f - a +0 plate armour (worn)
 F - a +0 cloak (worn)
 G - a +0 pair of gloves (worn)
Jewellery
 x - a ring of poison resistance (left hand)
 y - a +6 ring of strength (right hand)
 I - a +4 ring of protection
Wands
 g - a wand of mindburst (13)
 r - a wand of iceblast (27)
 C - a wand of digging (6)
 M - a wand of quicksilver (5)
 N - a wand of flame (9)
Scrolls
 a - 3 scrolls of magic mapping
 b - 3 scrolls of teleportation
 e - a scroll of fear
 h - 3 scrolls of enchant armour
 j - 3 scrolls of butterflies
 k - a scroll of blinking
 l - 2 scrolls of enchant weapon
 m - 2 scrolls of immolation
 n - 3 scrolls of silence {unknown}
 u - 2 scrolls of fog
 w - 2 scrolls of noise
 L - a scroll of poison
Potions
 c - 2 potions of might {unknown}
 i - 2 potions of invisibility {unknown}
 q - 4 potions of curing
 s - a potion of magic {unknown}
 t - 2 potions of flight {unknown}
 v - 2 potions of resistance {unknown}
 z - 2 potions of degeneration {unknown}
 A - 2 potions of mutation {unknown}
 B - 2 potions of brilliance {unknown}
 D - 2 potions of attraction {unknown}
 E - 4 potions of haste {unknown}
 K - 3 potions of berserk rage {unknown}
 O - a potion of lignification {unknown}


   Skills:
 + Level 12.2 Fighting
 + Level 12.2 Axes
 + Level 11.9 Armour
 - Level 2.1 Dodging


You had 9 spell levels left.
You didn't know any spells.
Your spell library was empty.

Dungeon Overview and Level Annotations

Branches:
Dungeon (11/15)            Temple (0/1) D:7             Orc (0/2) D:9
Ossuary (visited)
   Lair: D:8-11

Altars:
Ashenzari
Cheibriados
Dithmenos
Fedhas
Kikubaaqudgha
Makhleb
Nemelex Xobeh
Okawaru
Sif Muna
Vehumet
Yredelemnul
Zin

Shops:
D:8 *

Portals:
Trove: D:10 (give +2 gold dragon scales)

Annotations:
D:9 1 runed translucent door
D:11 Sonja


Innate Abilities, Weirdness & Mutations

You have a pair of horns on your head.
You reflexively headbutt those who attack you in melee.
[You have an uncontrollable temper.]
[You are very clumsy. (Dex -4)]
[You are very frail. (-20% HP)]
[You are very vulnerable to cold. (rC--)]


Message History

You hit the wretched star.
You headbutt the wretched star, but do no damage.
The wretched star is moderately damaged.
The wretched star glows turbulently.
The lance of force misses you.
You closely miss the wretched star.
The wretched star is moderately damaged.
You closely miss the wretched star.
The wretched star is moderately damaged.
The wretched star glows turbulently.
The lance of force hits you!
* * * LOW HITPOINT WARNING * * *
You are knocked back by the lance of force.
The wretched star pulses with an eldritch light!
You feel vulnerable to cold. x2; You feel frail. x2
The wretched star pulses with an eldritch light!
You feel clumsy. x2
Found a gateway leading out of the Abyss.
The thrashing horror roars!
You hear a roar!
A smoke demon comes into view.
A large abomination comes into view.
The thrashing horror barely misses you.
The thrashing horror closely misses you.
The thrashing horror tramples you but does no damage. x2
The thrashing horror attacks as you move away!
The thrashing horror tramples you but does no damage. x4
The smoke demon gestures at you. Something smites you!
* * * LOW HITPOINT WARNING * * *
Unknown command.
The large abomination hits you but does no damage.
The smoke demon gestures at you. Something smites you!
* * * LOW HITPOINT WARNING * * *
The wretched star pulses with an eldritch light!
You feel a little pissed off.
You feel extremely angry at everything!
The large abomination barely misses you.
The smoke demon gestures at you. The ball of steam hits you!
You die...

.#.~≈~##.#.
..##...≈≈≈.#. #
..#.~≈≈~~≈~.#
..
#..≈~~~~≈≈~#...
#.~.≈≈∩...≈≈...
#..≈≈.§≈§≈≈....
#..§.≈..§≈.....
##§3§@§§
#.#..X##
#...X.#
###.*###
#..#..#
#...##.#.#
#...##....#
#..#...#..###
#...........##


You could see a wretched star, a thrashing horror, a large abomination and a
smoke demon.

Vanquished Creatures
  A vault guard (D:10)
  A gargoyle (D:11)
  A troll (D:10)
  A hornet (D:10)
  Sigmund (D:3)
  A shadow (D:5)
  2 wyverns
  A wraith (D:9)
  A small abomination (Abyss:2)
  3 steam dragons
  A vampire mosquito (D:5)
  Menkaure (D:6)
  Duvessa (D:7)
  2 water moccasins
  2 ice beasts
  5 orc warriors
  2 black bears
  6 centaurs
  2 phantoms
  4 kobold brigands
  A bullfrog (D:9)
  A gnoll sergeant (D:6)
  3 scorpions
  2 elf skeletons (D:7)
  4 water moccasin zombies (Ossuary)
  3 wights (D:8)
  15 killer bees
  Dowan (D:7)
  4 howler monkeys
  A human zombie (D:7)
  6 hounds
  2 jellies
  3 orc priests
  Crazy Yiuf (D:2)
  3 sleepcaps
  Ijyb (D:3)
  An iguana (D:5)
  8 orc wizards
  A human skeleton (D:7)
  2 mummies (Ossuary)
  13 gnolls
  8 adders
  A white imp (D:7)
  2 ufetubi
  10 adder zombies (Ossuary)
  3 worms
  35 orcs
  4 bats
  9 endoplasms
  9 goblins
  9 hobgoblins
  7 jackals
  4 quokkas
  10 ball pythons
  3 frilled lizards
  5 gnoll zombies (Ossuary)
  6 hobgoblin zombies (Ossuary)
  36 kobolds
  4 kobold zombies (Ossuary)
  An orc skeleton (D:7)
  8 orc zombies
  8 rats
297 creatures vanquished.

Vanquished Creatures (others)
  A fungus (D:2)
1 creature vanquished.

Grand Total: 298 creatures vanquished

Notes
Turn   | Place    | Note
-------+----------+-------------------------------------------
     0 | D:1      | meatpath the Minotaur Berserker began the quest for the
                  | Orb.
     0 | D:1      | Reached XP level 1. HP: 19/19 MP: 0/0
   205 | D:1      | Reached XP level 2. HP: 27/27 MP: 1/1
   781 | D:2      | Reached XP level 3. HP: 33/33 MP: 2/2
   801 | D:2      | Reached ** piety under Trog
   981 | D:2      | Reached XP level 4. HP: 41/41 MP: 3/3
   997 | D:2      | Found a runed translucent door.
   998 | D:2      | Noticed Crazy Yiuf
  1335 | D:2      | Killed Crazy Yiuf
  1453 | D:3      | Noticed Ijyb
  1466 | D:3      | Killed Ijyb
  1467 | D:3      | Reached skill level 5 in Axes
  1467 | D:3      | Reached XP level 5. HP: 28/47 MP: 4/4
  1581 | D:3      | Identified the +7 whip of Dissolution {heavy, +Blink rElec
                  | Str-4}
  1582 | D:3      | Found a basalt altar of Yredelemnul.
  1603 | D:3      | Reached skill level 5 in Fighting
  1654 | D:3      | Noticed Sigmund
  1660 | D:3      | Killed Sigmund
  1661 | D:3      | Reached skill level 5 in Armour
  1661 | D:3      | Reached XP level 6. HP: 57/57 MP: 5/5
  1829 | D:3      | Identified the staff of poison "Jegheiji" {rElec rPois rF+
                  | Dex-2}
  1843 | D:3      | Found a snail-covered altar of Cheibriados.
  1885 | D:3      | Reached *** piety under Trog
  2323 | D:4      | Found a sparkling altar of Nemelex Xobeh.
  2324 | D:4      | Found a radiant altar of Vehumet.
  3076 | D:5      | Entered Level 5 of the Dungeon
  3161 | D:5      | Found a blossoming altar of Fedhas.
  3208 | D:5      | Noticed a vampire mosquito
  3217 | D:5      | Noticed a shadow
  3220 | D:5      | Killed a vampire mosquito
  3221 | D:5      | Reached XP level 7. HP: 36/64 MP: 6/6
  3225 | D:5      | Killed a shadow
  3831 | D:5      | Reached XP level 8. HP: 63/73 MP: 7/7
  4386 | D:6      | You fall into a shaft and drop 2 floors!
  4386 | D:8      | Found Zin's Purification Station.
  4387 | D:8      | Found a glowing silver altar of Zin.
  4782 | D:8      | Found a shimmering blue altar of Sif Muna.
  5083 | D:7      | Found a sand-covered staircase.
  5090 | Ossuary  | Entered an ossuary
  5140 | Ossuary  | Reached **** piety under Trog
  5364 | D:6      | Reached XP level 9. HP: 83/83 MP: 8/8
  5387 | D:6      | Noticed Menkaure
  5389 | D:6      | Killed Menkaure
  5591 | D:6      | Found a broken altar of Ashenzari.
  5969 | D:6      | Identified the +9 sling of the Lost Blessings {freeze,
                  | Int+4 SInv Stlth-}
  6124 | D:6      | Reached ***** piety under Trog
  6413 | D:7      | Noticed Duvessa
  6413 | D:7      | Noticed Dowan
  6418 | D:7      | Killed Duvessa
  6419 | D:7      | Killed Dowan
  6613 | D:7      | Found a staircase to the Ecumenical Temple.
  6618 | D:7      | Reached skill level 10 in Fighting
  6618 | D:7      | Reached skill level 10 in Axes
  6849 | D:7      | Found an iron altar of Okawaru.
  6905 | D:7      | Found a shadowy altar of Dithmenos.
  7114 | D:7      | Reached skill level 10 in Armour
  7351 | D:8      | Reached XP level 10. HP: 76/94 MP: 9/9
  8297 | D:9      | Found a staircase to the Orcish Mines.
  8741 | D:9      | Found a runed translucent door.
  8749 | D:9      | Found a burning altar of Makhleb.
  8749 | D:9      | Noticed a sixfirhy
  9105 | D:10     | Entered Level 10 of the Dungeon
  9345 | D:10     | Found an ancient bone altar of Kikubaaqudgha.
  9636 | D:10     | Noticed a vault guard
  9643 | D:10     | Killed a vault guard
  9683 | D:10     | Found a portal to a secret trove of treasure.
 10166 | D:11     | Noticed Sonja
 10298 | D:11     | Noticed a gargoyle
 10309 | D:11     | Killed a gargoyle
 10309 | D:11     | Received a gift from Trog
 10389 | Abyss:2  | Cast into level 2 of the Abyss (Sonja)
 10392 | Abyss:2  | Found a corrupted altar of Lugonu.
 10414 | Abyss:2  | Noticed a thrashing horror
 10418 | Abyss:2  | Noticed a thrashing horror
 10487 | Abyss:3  | Noticed a wretched star
 10502 | Abyss:3  | Noticed a sixfirhy
 10531 | Abyss:4  | Found a corrupted altar of Lugonu.
 10544 | Abyss:4  | Found a corrupted altar of Lugonu.
 10602 | Abyss:4  | Noticed a wretched star
 10622 | Abyss:4  | Noticed a smoke demon
 10623 | Abyss:4  | Noticed a large abomination
 10626 | Abyss:4  | Killed from afar by a smoke demon

Illustrated notes

Levels and vault maps discovered:
D:1:      ncdulo_watergridlock, layout_basic
D:2:      layout_rooms, uniq_crazy_yiuf_cottage
D:3:      layout_basic, mainiacjoe_overflow_24_doors, lemuel_round_altar,
          minmay_crystal_water, uniq_sigmund, uniq_ijyb
D:4:      layout_basic, nicolae_overflow_squiral, serial_bayou_pond_e
D:5:      layout_loops_ring, mainiacjoe_overflow_boulevard, minmay_manual_moon
D:6:      layout_basic, mainiacjoe_overflow_surrounded_room, uniq_menkaure
D:7:      layout_basic, grunt_dithmenos_shadows, okawaru_altar_gauntlet_db,
          minmay_temple_entry_drinking_statues, nicolae_ossuary_entry_catacombs,
          minmay_crossroads, uniq_duvessa
D:8:      layout_basic, kennysheep_mini_moat, zin_purify, serial_corexii_hall,
          corexii_hall_statues_x, corexii_hall_statues_u,
          chequers_serial_rivers_room_b, chequers_serial_rivers_large_b
D:9:      layout_cave_pools, nzn_makhleb_speed_demon, david_orc_2,
          grunt_decor_cap
D:10:     layout_long_grid, mainiacjoe_overflow_brackets, enter_trove_5
D:11:     wander_kiku_kobolds, layout_irregular_city, minmay_lair_entry_grove,
          serial_shops, shop, minivault_21, uniq_sonja
Abyss:4:  base: D:11, evilmike_abyss_exit_3, lemuel_flamethrower_hall

Skill      XL: |  1  2  3  4  5  6  7  8  9 10 |
---------------+-------------------------------+-----
Fighting       | 4 5 6 7 9 10 12 | 12.2
Axes           | 4 5 6 7 9 10 12 | 12.2
Armour         | 3 4 5 6 8 10 11 | 11.9
Dodging        | |  2.1

Action                     |  1- 3 |  4- 6 |  7- 9 | 10-12 || total
---------------------------+-------+-------+-------+-------++-------
  Melee: Hand axe          |   107 |    52 |       |       ||   159
         Headbutt          |    12 |    17 |    49 |    34 ||   112
         Punch             |     2 |     2 |     3 |     1 ||     8
         Whip              |       |    79 |   296 |   162 ||   537
 Invoke: Berserk           |       |     1 |     4 |     3 ||     8
         Trog's Hand       |       |       |       |     1 ||     1
    Use: Scroll            |     3 |     3 |     5 |     5 ||    16
         Potion            |       |       |       |     5 ||     5
 Armour: Animal skin       |     4 |       |       |       ||     4
         Plate armour      |    63 |    75 |   197 |   211 ||   546
  Dodge: Dodged            |    37 |    46 |    99 |   116 ||   298
